 Dungeon Crawl Stone Soup version 0.30-a0-591-g3c58d2bc28 (webtiles) character file.

Game seed: 4393487844986432211

4202 Dirtsage the Transmogrifier (level 10, -3/75 HPs)
             Began as an Octopode Transmuter on Jan 4, 2023.
             Was a Follower of the Shining One.
             Engulfed by a cloud of steam (7 damage)
             ... on level 8 of the Dungeon.
             The game lasted 00:18:42 (7635 turns).

Dirtsage the Transmogrifier (Octopode Transmuter)   Turns: 7635, Time: 00:18:43

Health: -3/75      AC:  9    Str: 10    XL:     10   Next: 29%
Magic:  8/13       EV: 11    Int: 19    God:    the Shining One [*.....]
Gold:   548        SH:  7    Dex: 13    Spells: 6/13 levels left

rFire   x . .      SeeInvis .      - Unarmed
rCold   + + +      Faith    .    (shield currently unavailable)
rNeg    . . .      Spirit   .    (helmet currently unavailable)
rPois   +          Reflect  .    (no amulet)
rElec   .          Harm     .    (no ring)
rCorr   .          Rampage  .    (no ring)
Will    .....                    (no ring)
Stlth   +                        (no ring)
HPRegen 0.32/turn                (no ring)
MPRegen 0.13/turn                (no ring)
                                 (no ring)
                                 (no ring)

@: divinely shielded, ice-form, wereblooded, hasted, glowing, very quick
A: freezing attack, boosted hp, almost no armour, amphibious, 8 rings, large,
(camouflage 1), (gelatinous body 1), (nimble swimmer 1), (tentacles)
a: End Transformation, Renounce Religion, Divine Shield


You were on level 8 of the Dungeon.
You worshipped the Shining One.
The Shining One was aware of your devotion.
You were a creature of crystalline ice.
You visited 1 branch of the dungeon, and saw 8 of its levels.

You collected 548 gold pieces.

Inventory:

Missiles
 y - a throwing net
Magical Staves
 c - a staff of death
 x - a staff of fire
Jewellery
 P - a ring of poison resistance
Wands
 p - a wand of charming (11)
Scrolls
 b - 5 scrolls of teleportation {unknown}
 d - 4 scrolls of noise {unknown}
 e - a scroll of enchant armour {unknown}
 i - 6 scrolls of identify
 k - 2 scrolls of magic mapping {unknown}
 n - a scroll of poison {unknown}
 z - a scroll of amnesia {unknown}
 A - a scroll of fog {unknown}
Potions
 g - 2 potions of attraction
 h - 2 potions of haste
 l - a potion of heal wounds
 m - a potion of invisibility
 q - a potion of curing
 s - a potion of ambrosia {unknown}
 u - a potion of might {unknown}
 v - a potion of lignification
 w - a potion of brilliance {unknown}
Miscellaneous
 t - a piece from Xom's chessboard (15/15)


   Skills:
 + Level 3.4 Fighting
 + Level 3.9 Dodging
 * Level 5.7 Unarmed Combat
 - Level 2.0 Spellcasting
 - Level 9.2 Transmutations
 - Level 8.6 Ice Magic
 + Level 3.5 Invocations


You had 6 spell levels left.
You knew the following spells:

 Your Spells              Type           Power      Damage    Failure   Level
a - Beastly Appendage     Tmut           74%        N/A       1%          1
b - Wereblood             Tmut           37%        N/A       1%          2
c - Ice Form              Ice/Tmut       35%        N/A       4%          4

Your spell library contained the following spells:

 Spells                   Type           Power      Damage    Failure   Level
 Sting                    Tmut/Pois      76%        1d6       2%          1
 Spider Form              Tmut/Pois      19%        N/A       8%          3
 Apportation              Tloc           2%         N/A       17%         1
 Poisonous Vapours        Pois/Air       2%         N/A       26%         2
 Stone Arrow              Conj/Erth      2%         3d7       45%         3
 Alistair's Intoxication  Tmut/Pois      12%        N/A       56%         5
 Airstrike                Air            0%         2d(1-17)  86%         4
 Olgreb's Toxic Radiance  Pois           1%         N/A       86%         4
 Summon Lightning Spire   Summ/Air       1%         N/A       86%         4
 Lightning Bolt           Conj/Air       0%         1d11      99%         5
 Lehudib's Crystal Spear  Conj/Erth      0%         10d2      100%        8
 Animate Armour           Summ/Erth      Unusable   N/A       N/A         4

Dungeon Overview and Level Annotations

Branches:
Dungeon (8/15)             Temple (0/1) D:7
   Lair: D:8-11

Altars:
Elyvilon
Ru
Uskayaw
Vehumet
The Shining One
Lugonu

Shops:
D:7 [

Annotations:
D:4 2 transporters
D:7 2 transporters


Innate Abilities, Weirdness & Mutations

You are a creature of crystalline ice.
You have a powerful freezing melee attack.
Your maximum health is increased.
Your armour is entirely melded.
You are incapable of wielding weapons or throwing items.
You cannot wear most types of armour.
You are amphibious.
You can wear up to eight rings at the same time.
((Your skin changes colour to match your surroundings (Stealth+).))
((Your rubbery body absorbs attacks. (AC +1, EV +1)))
((You are camouflaged when in or above water. (Stealth+)))
((You have tentacles for arms and can constrict up to eight enemies at once.))


Message History

You feel better.
You feel sick.
Your Fighting skill increases to level 3!
Your Invocations skill increases to level 3!
You regained 7 hp, and now have 27/75 hp.
You feel better.
The orange demon no longer looks unusually toxic.
The steam dragon breathes steam at you. The ball of steam hits you!
The steam scalds you terribly!
* * * LOW HITPOINT WARNING * * *
You take 6 damage, and have 21/75 hp.
You are engulfed in a cloud of scalding steam.
You block the steam dragon's attack. The steam dragon barely misses you.
The orange demon stings you from afar.
* * * LOW HITPOINT WARNING * * *
Items here: )) [ †.
You take 5 damage, and have 16/75 hp.
You hit the steam dragon. You freeze the steam dragon.
The steam dragon is lightly wounded.
You are engulfed in a cloud of scalding steam.
* * * LOW HITPOINT WARNING * * *
You take 6 damage, and have 10/75 hp.
You punch the steam dragon! You freeze the steam dragon.
The steam dragon is severely wounded.
You are engulfed in a cloud of scalding steam.
* * * LOW HITPOINT WARNING * * *
The steam dragon bites you.
* * * LOW HITPOINT WARNING * * *
The steam dragon misses you.
The orange demon stings you but does no damage.
You take 8 damage, and have 2/75 hp.
You punch the steam dragon! You freeze the steam dragon.
You feel a bit better.
You kill the steam dragon!
You are engulfed in a cloud of scalding steam.
You regained 2 hp, and now have 4/75 hp.
You are engulfed in a cloud of scalding steam.
Things that are here:
a +0 mace; a +0 shortbow; a +0 chain mail You howl as the wereblood boils in your veins!
You are engulfed in a cloud of scalding steam.
You die...

### ..# #.# #.## .. #.# ...#
#.######### #.# ...#
#.........####.# ...#
#.......#......# #####...####
#.........####.#####...........
.........## #§§Y§§4...........
#........# #§#####...........
#........# #.# ####)###.###
.........# #.# #.## #
####)#########.# #.# .#
####.#......#..# #o## #. ##
.....#.####.#.## ####..###....
##.#..<...# . ..#.#...oo#
#.###..##.# #.#.##.#.4###


There were no monsters in sight!

Vanquished Creatures
  Amaemon (D:8)
  Pikel (D:6)
  Maurice (D:8)
  An unseen horror (D:7)
  Grinder (D:4)
  Sigmund (D:5)
  A wyvern (D:8)
  2 steam dragons
  A water moccasin (D:4)
  An ice beast (D:6)
  2 ogres (D:6)
  A black bear (D:4)
  A centaur (D:6)
  3 kobold brigands
  A lemure (D:6)
  3 necrophages
  4 scorpions
  2 howler monkeys
  A gnoll bouda (D:7)
  A hound (D:4)
  An orc priest (D:7)
  Crazy Yiuf (D:6)
  4 iguanas
  Ijyb (D:4)
  Terence (D:3)
  3 orc wizards
  11 gnolls
  3 adders
  A white imp (D:6)
  2 dart slugs
  12 orcs
  8 ball pythons
  8 bats
  8 endoplasms
  2 giant cockroaches
  14 goblins
  6 hobgoblins
  A quokka (D:3)
  4 frilled lizards
  25 kobolds
  3 rats
  A toadstool (D:1)
150 creatures vanquished.

Vanquished Creatures (others)
  3 fungi (D:1)
  A toadstool (D:1)
4 creatures vanquished.

Grand Total: 154 creatures vanquished

Notes
Turn   | Place    | Note
-------+----------+-------------------------------------------
     0 | D:1      | Dirtsage the Octopode Transmuter began the quest for the
                  | Orb.
     0 | D:1      | Reached XP level 1. HP: 13/13 MP: 3/3
    42 | D:1      | Found a faded altar of an unknown god.
   255 | D:1      | Reached skill level 1 in Ice Magic
   255 | D:1      | Reached XP level 2. HP: 13/18 MP: 5/5
   262 | D:1      | Learned a level 2 spell: Wereblood
   666 | D:1      | Reached XP level 3. HP: 6/23 MP: 4/6
  1294 | D:2      | Reached skill level 3 in Transmutations
  1525 | D:3      | Noticed Terence
  1542 | D:3      | Killed Terence
  1543 | D:3      | Reached XP level 4. HP: 28/28 MP: 7/7
  1582 | D:3      | Found a hide-covered altar of Uskayaw.
  1969 | D:3      | Found a glowing golden altar of the Shining One.
  1973 | D:3      | Became a worshipper of the Shining One
  2289 | D:4      | Noticed a water moccasin
  2292 | D:5      | Entered Level 5 of the Dungeon
  2298 | D:5      | Learned a level 4 spell: Ice Form
  2307 | D:4      | Killed a water moccasin
  2308 | D:4      | Reached skill level 4 in Transmutations
  2308 | D:4      | Reached XP level 5. HP: 22/33 MP: 4/8
  2465 | D:4      | Reached XP level 6. HP: 29/38 MP: 9/9
  2582 | D:4      | Found a transporter.
  2585 | D:4      | Found a transporter.
  2694 | D:4      | Noticed Ijyb
  2708 | D:4      | Reached skill level 5 in Transmutations
  2715 | D:4      | Killed Ijyb
  3078 | D:4      | The Shining One protects you from harm!
  3149 | D:4      | Noticed Grinder
  3156 | D:4      | Paralysed by Grinder for 3 turns
  3163 | D:4      | Reached XP level 7. HP: 39/43 MP: 6/10
  3167 | D:4      | Killed Grinder
  3168 | D:4      | Reached skill level 5 in Ice Magic
  3452 | D:4      | Reached skill level 6 in Transmutations
  3656 | D:5      | Found a radiant altar of Vehumet.
  3762 | D:5      | Identified the +1 ring mail "Heha" {+Blink Will+ Int+2
                  | Stlth-}
  3918 | D:5      | Noticed Sigmund
  3933 | D:5      | Killed Sigmund
  3934 | D:5      | Reached XP level 8. HP: 21/48 MP: 11/11
  4608 | D:5      | Found a white marble altar of Elyvilon.
  5024 | D:6      | Reached skill level 7 in Transmutations
  5648 | D:6      | Reached skill level 8 in Transmutations
  5714 | D:6      | Reached XP level 9. HP: 50/53 MP: 7/12
  5767 | D:6      | Found a sacrificial altar of Ru.
  5986 | D:6      | Found a runed translucent door.
  5987 | D:6      | Noticed Crazy Yiuf
  6039 | D:6      | Noticed Pikel
  6053 | D:6      | Killed Pikel
  6359 | D:6      | Killed Crazy Yiuf
  6485 | D:7      | Reached skill level 9 in Transmutations
  6552 | D:7      | Found a staircase to the Ecumenical Temple.
  6657 | D:7      | Found a transporter.
  6658 | D:7      | Reached * piety under the Shining One
  6659 | D:7      | Found a transporter.
  6660 | D:7      | Noticed a cyan ugly thing
  6660 | D:7      | Noticed a red ugly thing
  6662 | D:7      | Found a corrupted altar of Lugonu.
  6663 | D:7      | Noticed a green ugly thing
  6694 | D:7      | Found Failohy's Antique Armour Shop.
  6717 | D:7      | Noticed an unseen horror
  6728 | D:7      | Killed an unseen horror
  6729 | D:7      | Reached skill level 1 in Invocations
  7195 | D:8      | Noticed Maurice
  7216 | D:8      | Killed Maurice
  7454 | D:8      | Reached XP level 10. HP: 61/61 MP: 8/13
  7467 | D:8      | Noticed Amaemon
  7468 | D:8      | Noticed an orange demon
  7541 | D:8      | Reached skill level 5 in Unarmed Combat
  7628 | D:8      | Killed Amaemon
  7632 | D:8      | HP: 2/75 [steam dragon (2)]
  7635 | D:8      | Engulfed by a cloud of steam

Illustrated notes

Levels and vault maps discovered:
D:1:      eino_arrival_water_star, layout_basic, basic_ecumenical_altar,
          minmay_gold_behind_fungi
D:2:      layout_basic
D:3:      kennysheep_the_goblin_king, layout_rooms,
          mainiacjoe_overflow_tiny_flanked, mainiacjoe_overflow_chevrons,
          nicolae_concentric_dashed_squares_mild, minmay_parallelograms,
          minmay_strange_pillars, uniq_terence
D:4:      gammafunk_wand_slinger, layout_loops_ring, st_stairs_11,
          kennysheep_generic_room_11, uniq_grinder, uniq_ijyb
D:5:      layout_layer_cave, nicolae_vehumet_radiance,
          nicolae_elyvilon_temple_path, hellmonk_bongcloud_opening, uniq_sigmund
D:6:      layout_basic, nicolae_ru_the_path_less_chosen,
          nicolae_figureground_sparkle, uniq_pikel, uniq_crazy_yiuf_cottage
D:7:      gammafunk_corrupted_shrine, layout_rooms, minmay_temple_entry_slanted,
          serial_shops, nicolae_shop_competitors_out_of_business,
          minmay_misc_feat_encased, item_on_display_b
D:8:      layout_loops_cross, general_overflow_altar, serial_shops, shop,
          uniq_maurice, uniq_amaemon, uniq_erica

Skill      XL: |  1  2  3  4  5  6  7  8  9 10 |
---------------+-------------------------------+-----
Ice Magic      | 1 2 3 4 6 7 8 |  8.6
Transmutations | 3 4 5 6 8 9 |  9.2
Invocations    | 2 3 |  3.5
Fighting       | 2 3 |  3.4
Dodging        | 3 |  3.9
Unarmed Combat | 4 5 |  5.7
Spellcasting   | |  2.0

Action                   |  1- 3 |  4- 6 |  7- 9 | 10-12 || total
-------------------------+-------+-------+-------+-------++-------
Melee: Unarmed           |   107 |   108 |   148 |    45 ||   408
       Constrict         |    21 |    21 |     3 |       ||    45
       Tentacles         |    19 |    13 |     3 |       ||    35
       Kick              |     6 |    10 |     3 |       ||    19
       Punch             |     2 |     4 |       |       ||     6
 Cast: Beastly Appendage |     5 |     5 |     1 |       ||    11
       Wereblood         |       |     2 |     1 |     1 ||     4
       Ice Form          |       |     4 |    25 |     2 ||    31
Invok: Divine Shield     |       |       |       |     1 ||     1
Evoke: Wand              |       |       |     1 |       ||     1
  Use: Potion            |     1 |     3 |     1 |     3 ||     8
       Scroll            |       |       |       |     1 ||     1
 Stab: Sleeping          |     5 |       |       |       ||     5
Armor: Skin              |    18 |    17 |    40 |    18 ||    93
Dodge: Dodged            |    62 |    42 |    54 |    15 ||   173
Block: Other             |       |       |       |    10 ||    10

Table legend: (Time is in decaauts)
 A = Elapsed time spent in this place.
 B = Non-inter-level travel time spent in this place.
 C = Inter-level travel time spent in this place.
 D = Time resting spent in this place.
 E = Time spent auto-exploring this place.
 F = Levels seen in this place.
 G = Mean time per level.
                   A        B        C        D        E       F      G
               +--------+--------+--------+--------+--------+-----+--------+
         Total |   7608 |   7423 |    185 |    371 |   5986 |   8 |  951.0 |
       Dungeon |   7608 |   7423 |    185 |    371 |   5986 |   8 |  951.0 |
               +--------+--------+--------+--------+--------+-----+--------+

Top non-repeatable levels by time:
     D:5: 1694 daAuts
     D:4: 1312 daAuts
     D:6: 1202 daAuts
     D:7: 908 daAuts
     D:1: 881 daAuts
     D:3: 818 daAuts
     D:2: 542 daAuts
     D:8: 249 daAuts
